 Dungeon Crawl Stone Soup version 0.30-a0-439-g9e77e4d916 (webtiles) character file.

Game seed: 15031084901347244481

127155 cforsyth the Warrior (level 16, -3/235 HPs)
             Began as a Minotaur Berserker on Dec 10, 2022.
             Was a High Priest of Trog.
             Slain by a spriggan berserker
             ... wielding a +0 eveningstar
              (12 damage)
             ... on level 2 of the Swamp on Dec 11, 2022.
             The game lasted 01:09:44 (32150 turns).

cforsyth the Warrior (Minotaur Berserker)          Turns: 32150, Time: 01:09:45

Health: -3/235     AC: 25    Str: 31    XL:     16   Next: 45%
Magic:  15/15      EV: 12    Int:  4    God:    Trog [*****.]
Gold:   2261       SH: 15    Dex:  9    Spells: 15/15 levels left

rFire   + . .      SeeInvis .    C - +5 broad axe (flame)
rCold   + . .      Faith    .    W - +2 kite shield {reflect}
rNeg    . . .      Spirit   .    k - +3 chain mail {rF+}
rPois   +          Reflect  +    (helmet restricted)
rElec   .          Harm     .    v - +0 cloak
rCorr   .          Rampage  +    q - +2 pair of gloves
Will    +....                    B - +1 pair of boots {rampage}
Stlth   ..........               K - amulet of Naczag {Reflect rC+ SH+5}
HPRegen 0.59/turn                h - +4 ring of slaying
MPRegen 0.14/turn                g - ring of poison resistance

@: berserking, very quick
A: horns 2, retaliatory headbutt
a: Renounce Religion, Berserk, Trog's Hand, Brothers in Arms


You were on level 2 of the Swamp.
You worshipped Trog.
Trog was extremely pleased with you.
You visited 4 branches of the dungeon, and saw 25 of its levels.
You also visited: Volcano.

You collected 2485 gold pieces.
You spent 224 gold pieces at shops.

Inventory:

Hand Weapons
 C - a +5 broad axe of flaming (weapon)
 Q - a +5 executioner's axe
 V - the +10 morningstar "Eos" {elec, Halo rElec}
   (You took it off a kobold demonologist on level 11 of the Dungeon)

   It occasionally discharges a powerful burst of electricity upon striking a
   foe.
   It grants its wielder a halo, revealing invisible creatures and increasing
   accuracy against all within it other than the wielder.
   rElec:     It insulates you from electricity.
Missiles
 H - a throwing net (quivered)
Armour
 k - a +3 chain mail of fire resistance (worn)
 q - a +2 pair of gloves (worn)
 v - a +0 cloak (worn)
 B - a +1 pair of boots of rampaging (worn)
 F - a +4 plate armour
 W - a +2 kite shield of reflection (worn)
Jewellery
 d - a ring of protection from cold
 g - a ring of poison resistance (right hand)
 h - a +4 ring of slaying (left hand)
 i - a +4 ring of protection
 l - a ring of willpower
 E - an amulet of regeneration
 K - the amulet of Naczag (around neck) {Reflect rC+ SH+5}
   (You found it on level 9 of the Dungeon)

   [amulet of reflection]

   It reflects blocked missile attacks.
   rC:        It protects you from cold.
   SH:        It affects your SH (+5).
 Y - a ring of protection from fire
Wands
 a - a wand of quicksilver (21)
 c - a wand of digging (17)
 y - a wand of paralysis (18)
 I - a wand of roots (29)
 M - a wand of mindburst (1)
 P - a wand of polymorph (15)
 T - a wand of flame (55)
Scrolls
 b - 2 scrolls of enchant armour
 j - 8 scrolls of immolation
 m - 3 scrolls of poison
 n - 5 scrolls of fear
 r - 9 scrolls of teleportation
 t - 5 scrolls of summoning
 u - 5 scrolls of noise
 A - 3 scrolls of butterflies
 O - 2 scrolls of blinking
 Z - 3 scrolls of magic mapping
Potions
 e - 9 potions of haste
 f - 3 potions of ambrosia
 o - 2 potions of heal wounds
 p - 9 potions of curing
 s - 3 potions of attraction
 w - 2 potions of resistance
 x - 5 potions of invisibility
 z - 7 potions of mutation
 D - 3 potions of cancellation
 G - 2 potions of magic
 J - 5 potions of flight
 L - 4 potions of lignification
 R - a potion of berserk rage
 S - 3 potions of might
Miscellaneous
 N - a lightning rod (4/4)
 U - a phial of floods


   Skills:
 + Level 17.9 Fighting
 + Level 14.5 Axes
 + Level 17.7 Armour
 + Level 16.4 Dodging
 + Level 3.6 Shields
 - Level 10.0 Evocations


You had 15 spell levels left.
You didn't know any spells.
Your spell library was empty.

Dungeon Overview and Level Annotations

Branches:
Dungeon (15/15)            Temple (0/1) D:7            Lair (5/5) D:9
  Swamp (3/4) Lair:3        Snake (0/4) Lair:3        Slime (0/5) Lair:4
    Orc (2/2) D:10            Elf (0/3) Orc:2        Vaults (0/5) D:13
 Depths (0/4) D:15        Volcano (visited)

Altars:
Ashenzari
Cheibriados
Fedhas
Makhleb
Okawaru
Ru
Uskayaw
Wu Jian
Xom
Yredelemnul
Zin
The Shining One
Jiyva

Shops:
D:13 (   Orc:2 ([*:

Annotations:
Lair:4 1 runed translucent door


Innate Abilities, Weirdness & Mutations

You have a pair of horns on your head.
You reflexively headbutt those who attack you in melee.


Message History

You block the spriggan berserker's attack. x3
Unknown command.
You barely miss the spriggan berserker.
Your headbutt misses the spriggan berserker.
The spriggan berserker is heavily wounded.
You miss the spriggan berserker.
The spriggan berserker closely misses you.
You furiously retaliate!
You headbutt the spriggan berserker!!
The spriggan berserker hits you with a +2 quarterstaff of speed!
The spriggan berserker completely misses you.
The spriggan berserker hits you with a +0 eveningstar!
You slice the spriggan berserker!! You burn the spriggan berserker.
Your headbutt misses the spriggan berserker.
The spriggan berserker is moderately wounded.
The spriggan berserker blocks your attack.
You block the spriggan berserker's attack.
The spriggan berserker hits you with a +0 eveningstar!!
The spriggan berserker splashes around in the water.
You closely miss the spriggan berserker.
Your headbutt misses the spriggan berserker.
The spriggan berserker is moderately wounded.
You completely miss the spriggan berserker.
The spriggan berserker hits you with a +2 quarterstaff of speed.
The spriggan berserker closely misses you.
You block the spriggan berserker's attack.
The spriggan berserker hits you with a +0 eveningstar!!
* * * LOW HITPOINT WARNING * * *
The spriggan berserker splashes around in the water.
Unknown command.
A red film seems to cover your vision as you go berserk!
You feel yourself moving faster!
You feel mighty!
The spriggan berserker hits you with a +2 quarterstaff of speed!!
* * * LOW HITPOINT WARNING * * *
The spriggan berserker hits you but does no damage.
The spriggan berserker splashes around in the water.
You slice the spriggan berserker!! You burn the spriggan berserker.
The spriggan berserker is severely wounded.
You slash the spriggan berserker! You burn the spriggan berserker.
The spriggan berserker hits you with a +0 eveningstar!
You die...

♣♣♣♣♣♣♣♣♣
♣♣♣♣
♣..ii...♣♣♣
♣..♣
#.#~#@.~...♣
♣♣.###..
####♣..♣
##..#i
#~~##.~♣♣
#.>.#
#.>[#...♣
#.~##
##[.#♣..♣
##.##
##[)#[~♣
#...#
♣..[[.♣
♣#♣..#
♣.~~..♣
♣.~♣♣#
♣.♣#♣♣♣


You could see 2 spriggan berserkers.

Vanquished Creatures
  A fenstrider witch (Swamp:3)
  An orc warlord (Orc:1)
  5 bunyips
  3 eleionomae
  An ettin (shapeshifter) (D:15)
  2 fire dragons
  A shambling mangrove (Swamp:3)
  A great orb of eyes (D:15)
  A rakshasa (D:15)
  2 ogre magi (D:15)
  10 hydras
  3 ghost crabs
  3 centaur warriors
  2 catoblepae (D:15)
  3 boulder beetles
  3 death yaks (Lair:3)
  A death knight (D:13)
  5 alligators
  4 two-headed ogres
  3 tengu warriors
  An orc high priest (Orc:2)
  Urug (Lair:1)
  Nergalle (Orc:1)
  A fire crab (Lair:5)
  A sun demon (Volcano)
  A hell knight (Volcano)
  4 goliath frogs
  6 skeletal warriors
  4 spriggan druids
  2 swamp dragons
  A wizard (D:13)
  2 bog bodies
  A necromancer (D:13)
  A lindwurm (Lair:5)
  6 deep elf pyromancers
  3 orc knights
  A deep elf zephyrmancer (D:13)
  22 ugly things
  5 cyclopes
  A salamander (shapeshifter) (D:11)
  6 manticores
  3 orc sorcerers
  A will-o-the-wisp (Swamp:1)
  7 elephants
  3 gargoyles
  Joseph (D:10)
  5 black mambas (Lair:5)
  An eye of devastation (shapeshifter) (D:14)
  4 molten gargoyles
  A rime drake (Lair:2)
  An unseen horror (D:12)
  2 freezing wraiths
  8 cane toads
  A yaktaur (D:15)
  7 komodo dragons
  2 efreet
  3 kobold demonologists
  2 tengu conjurers
  6 tyrant leeches
  A bloated husk (Swamp:2)
  A troll (shapeshifter) (D:13)
  12 trolls
  3 polar bears
  4 meliai
  A tarantella (shapeshifter) (D:15)
  A hornet (shapeshifter) (D:14)
  8 hornets
  Prince Ribbit (D:6)
  16 blink frogs
  12 slime creatures
  15 spriggans
  A culicivora (shapeshifter) (D:15)
  A vampire (D:13)
  5 shadows
  4 wraiths
  42 yaks
  5 fire bats (Volcano)
  3 wyverns
  A golden eye (shapeshifter) (D:15)
  9 basilisks
  15 vampire mosquitoes
  4 steam dragons
  13 swamp worms
  Edmund (D:6)
  A two-headed ogre zombie (D:10)
  6 wargs
  5 hell hounds
  3 acid dragons
  15 water moccasins
  25 orc warriors
  A sky beast (D:4)
  9 ogres
  An ice beast (D:7)
  14 centaurs
  2 phantoms (D:10)
  A kobold brigand (D:9)
  9 bullfrogs
  A gnoll sergeant (D:8)
  4 scorpions
  2 necrophages
  5 wights (D:8)
  A troll zombie (D:10)
  19 killer bees
  6 howler monkeys
  11 lava snakes
  2 hounds
  6 jellies
  24 orc priests
  3 gnoll boudas
  7 iguanas
  33 orc wizards
  6 hell rats (Lair:5)
  6 ogre zombies (D:10)
  25 gnolls
  9 adders
  A shadow imp (D:7)
  3 dart slugs
  51 orcs
  6 ball pythons
  6 bats
  8 endoplasms
  6 giant cockroaches
  14 goblins
  7 hobgoblins
  14 jackals
  5 quokkas
  A frilled lizard (D:2)
  A goblin skeleton (D:10)
  3 goblin zombies (D:10)
  A hobgoblin skeleton (D:10)
  7 hobgoblin zombies (D:10)
  13 kobolds
  An orc skeleton (D:10)
  12 orc zombies (D:10)
  5 rats
790 creatures vanquished.

Vanquished Creatures (collateral kills)
  A skeletal warrior (D:11)
  2 cyclopes (D:11)
  A gargoyle (D:11)
  2 yaks (Lair:2)
  An orc warrior (D:11)
  An orc wizard (D:11)
  2 orcs (D:11)
10 creatures vanquished.

Vanquished Creatures (others)
  A hydra (Swamp:3)
  A tengu conjurer (D:15)
  A hornet (shapeshifter) (D:15)
  2 bloated husks (Swamp:3)
  A hornet (Swamp:2)
  2 spriggans (Swamp:2)
  An orc wizard (D:3)
  17 fungi
  17 plants
43 creatures vanquished.

Grand Total: 843 creatures vanquished

Notes
Turn   | Place    | Note
-------+----------+-------------------------------------------
     0 | D:1      | cforsyth the Minotaur Berserker began the quest for the
                  | Orb.
     0 | D:1      | Reached XP level 1. HP: 19/19 MP: 0/0
    83 | D:1      | Reached XP level 2. HP: 11/27 MP: 1/1
   394 | D:1      | Reached ** piety under Trog
   396 | D:1      | Reached XP level 3. HP: 33/33 MP: 2/2
  1027 | D:2      | Reached XP level 4. HP: 38/40 MP: 3/3
  1088 | D:2      | Found a faded altar of an unknown god.
  1432 | D:3      | Reached XP level 5. HP: 39/47 MP: 4/4
  1456 | D:3      | Reached *** piety under Trog
  1674 | D:3      | Noticed an ogre
  1689 | D:3      | Killed an ogre
  1690 | D:3      | Reached skill level 5 in Fighting
  1690 | D:3      | Reached skill level 5 in Axes
  1690 | D:3      | Reached XP level 6. HP: 46/56 MP: 5/5
  2432 | D:3      | Identified the +5 ring mail of Articulation {rC+}
  2743 | D:4      | Noticed a sky beast
  2757 | D:4      | Killed a sky beast
  2758 | D:4      | Reached skill level 5 in Armour
  2758 | D:4      | Reached XP level 7. HP: 37/62 MP: 6/6
  3022 | D:4      | Reached **** piety under Trog
  3103 | D:4      | Paralysed by an orc for 5 turns
  3104 | D:4      | Reached skill level 5 in Dodging
  3255 | D:4      | Found a broken altar of Ashenzari.
  3255 | D:4      | Found a basalt altar of Yredelemnul.
  3268 | D:4      | Found a glowing silver altar of Zin.
  3270 | D:4      | Found a faded altar of an unknown god.
  3272 | D:4      | Found a shimmering altar of Xom.
  3474 | D:5      | Entered Level 5 of the Dungeon
  3496 | D:5      | Reached XP level 8. HP: 30/71 MP: 7/7
  3706 | D:5      | Found a blossoming altar of Fedhas.
  3951 | D:5      | Found a glowing golden altar of the Shining One.
  3952 | D:5      | Found a snail-covered altar of Cheibriados.
  3953 | D:5      | Found a hide-covered altar of Uskayaw.
  3954 | D:5      | Found a burning altar of Makhleb.
  4105 | D:5      | Found an iron altar of Okawaru.
  4686 | D:6      | Noticed Prince Ribbit
  4699 | D:6      | Reached XP level 9. HP: 55/80 MP: 8/8
  4706 | D:6      | Killed Prince Ribbit
  5181 | D:6      | Reached ***** piety under Trog
  5452 | D:6      | Noticed Edmund
  5459 | D:6      | Killed Edmund
  6062 | D:7      | Found a staircase to the Ecumenical Temple.
  6088 | D:7      | Found a sacrificial altar of Ru.
  6218 | D:7      | You fall into a shaft and drop 2 floors!
  6224 | D:9      | Identified the amulet of Naczag {Reflect rC+ SH+5}
  6277 | D:9      | Noticed a manticore
  6283 | D:9      | Killed a manticore
  6297 | D:9      | Reached XP level 10. HP: 63/91 MP: 9/9
  6620 | D:9      | Found a staircase to the Lair.
  6640 | D:9      | Found an ornate altar of the Wu Jian Council.
  7295 | D:8      | Reached skill level 10 in Fighting
  7297 | D:8      | Reached skill level 10 in Axes
  7382 | D:8      | Reached skill level 10 in Armour
  8075 | D:8      | Found a transporter.
  8075 | D:8      | Found a transporter.
  8077 | D:8      | Noticed a boulder beetle
  8101 | D:8      | Killed a boulder beetle
  8737 | D:9      | Reached XP level 11. HP: 101/101 MP: 10/10
  8835 | D:9      | Noticed a two-headed ogre
  8840 | D:9      | Killed a two-headed ogre
  8841 | D:9      | Reached skill level 1 in Evocations
  9120 | D:10     | Entered Level 10 of the Dungeon
  9254 | D:10     | Noticed Joseph
  9261 | D:10     | Reached skill level 10 in Dodging
  9264 | D:10     | Killed Joseph
  9330 | D:10     | Found a staircase to the Orcish Mines.
  9423 | D:10     | Reached ****** piety under Trog
  9426 | D:10     | Received a gift from Trog
  9902 | D:11     | Found a glowing silver altar of Zin.
  9980 | D:11     | Noticed a two-headed ogre
  9986 | D:11     | Killed a two-headed ogre
 10098 | D:11     | Noticed a skeletal warrior
 10101 | D:11     | Noticed a skeletal warrior
 10104 | D:11     | Noticed a skeletal warrior
 10109 | D:11     | Killed a skeletal warrior
 10616 | D:11     | Noticed a skeletal warrior
 10632 | D:11     | Killed a skeletal warrior
 10633 | D:11     | Reached XP level 12. HP: 10/112 MP: 11/11
 11654 | D:12     | Noticed a boulder beetle
 11665 | D:12     | Killed a boulder beetle
 11666 | D:12     | Reached skill level 5 in Evocations
 12306 | D:12     | Noticed a two-headed ogre
 12310 | D:12     | Killed a two-headed ogre
 12310 | D:12     | Received a gift from Trog
 12540 | Lair:1   | Entered Level 1 of the Lair of Beasts
 12540 | Lair:1   | Noticed Urug
 12548 | Lair:1   | Killed Urug
 15121 | Lair:3   | Found a staircase to the Snake Pit.
 15189 | Lair:3   | Reached XP level 13. HP: 122/122 MP: 12/12
 15465 | Lair:3   | Found a staircase to the Swamp.
 16357 | Lair:4   | Found a runed translucent door.
 16357 | Lair:4   | Noticed an acid blob
 16358 | Lair:4   | Found a viscous altar of Jiyva.
 16359 | Lair:4   | Found a staircase to the Slime Pits.
 16359 | Lair:4   | Noticed an acid blob
 16785 | Lair:5   | Entered Level 5 of the Lair of Beasts
 17396 | Lair:5   | Received a gift from Trog
 17517 | Lair:5   | Identified the +1 robe of Makhleb's Approval {rF+}
 18434 | Lair:5   | Reached XP level 14. HP: 105/133 MP: 13/13
 18454 | Lair:5   | Found a large runed translucent door.
 18454 | Lair:5   | Found a large runed translucent door.
 19029 | Orc:1    | Entered Level 1 of the Orcish Mines
 19087 | Orc:1    | Found a dark tunnel.
 19093 | Volcano  | Entered a volcano
 19119 | Volcano  | Received a gift from Trog
 19167 | Volcano  | Reached skill level 15 in Fighting
 19308 | Volcano  | Found a bloodstained altar of Trog.
 19741 | Orc:1    | Reached skill level 15 in Armour
 20025 | Orc:2    | Entered Level 2 of the Orcish Mines
 20225 | Orc:2    | Found a staircase to the Elven Halls.
 20351 | Orc:1    | Noticed Nergalle
 20358 | Orc:1    | Killed Nergalle
 20576 | Orc:2    | Noticed an orc warlord
 20958 | Orc:1    | Killed an orc warlord
 20985 | Orc:2    | Received a gift from Trog
 21098 | Orc:2    | Paralysed by an orc sorcerer for 3 turns
 21180 | Orc:2    | Found Meaffynt's Antique Armour Shop.
 21272 | Orc:2    | Found Saneseul's Book Shop.
 21315 | Orc:2    | Found Riypn's General Store.
 21321 | Orc:2    | Bought a scroll of blinking for 112 gold pieces
 21321 | Orc:2    | Bought a scroll of blinking for 112 gold pieces
 21330 | Orc:2    | Found Juogiudd's Antique Weapon Shop.
 21672 | D:13     | Found a gate to the Vaults.
 23086 | D:13     | Found Xisol's Antique Weapon Shop.
 23114 | D:13     | Reached XP level 15. HP: 84/144 MP: 14/14
 23847 | D:14     | Identified the +2 leather armour "Isemn" {rF++}
 23852 | D:14     | Received a gift from Trog
 24438 | D:14     | Reached skill level 10 in Evocations
 24441 | D:14     | Reached skill level 15 in Dodging
 24854 | D:15     | Entered Level 15 of the Dungeon
 26673 | D:15     | Found a staircase to the Depths.
 27084 | Swamp:1  | Entered Level 1 of the Swamp
 27447 | Swamp:1  | Identified the +3 scale mail of the Land of Plenty {rPois}
 28935 | Swamp:2  | Reached XP level 16. HP: 113/155 MP: 15/15
 29842 | Swamp:2  | Received a gift from Trog
 30055 | Swamp:3  | Reached skill level 1 in Shields
 32149 | Swamp:2  | HP: 9/235 [spriggan berserker/+2 quarterstaff of speed
                  | (29)]
 32150 | Swamp:2  | Slain by a spriggan berserker

Illustrated notes

Levels and vault maps discovered:
D:1:      lightli_arrival_quake, layout_basic
D:2:      layout_rooms, shapermc_ecumenical_altar_ellora
D:3:      layout_basic, minivault_25, minmay_ogre_servants
D:4:      layout_cave_pools, chequers_temple_overflow_minitemple, st_stairs_11
D:5:      layout_cave_pools, minitemple, okawaru_ov_weapons_minmay
D:6:      layout_layer_cave, hangedman_decor_peaks_small, uniq_edmund,
          uniq_prince_ribbit1
D:7:      layout_cave_pools, nicolae_ru_sacrificial_ziggurat,
          minmay_temple_entry_offerings
D:8:      gammafunk_boulding_lane, layout_basic, minmay_bent
D:9:      layout_loops_ring, nzn_wu_jian_council_hall, erik_lair_orcish_takeover
D:10:     layout_rooms, zombieorc2_lemuel, serial_curves, eino_curves_01,
          eino_curves_01, minmay_fountain_box, uniq_joseph
D:11:     minmay_the_grid_octo_triangle [minmay_the_grid_octo_toaster,
          minmay_the_grid_octo_prize_ultimate_mussel_roller,
          minmay_the_grid_octo_empty], layout_loops_cross, zin_academy
D:12:     minmay_recursive_quarters, layout_basic
D:13:     cheibrodos_fzero, layout_irregular_city, david_vaults_1, serial_shops,
          shop_statue, gauntlet_entry_generic, st_stairs_2,
          bh_hangedman_babel_library
D:14:     layout_long_grid, dreamdust_princess_corridor,
          lightli_fourway_metalbox
D:15:     gammafunk_enter_depths_forms, layout_stronghold, nrook_campfire,
          minmay_fractal_squares_diagonal_5
Lair:1:   layout_misc_corridors, serial_bayou_shore_a, uniq_urug
Lair:2:   layout_big_grid, lemuel_fruit_tree
Lair:3:   layout_roguey, minmay_swamp_entry_worms, dummy_snake_entry,
          infiniplex_staircase_pool
Lair:4:   layout_regular_city, slime_entry_2, beast_lair_carwin_4
Lair:5:   cheibrodos_lair_end_hotspot, layout_layer_cave, minivault_24
Swamp:1:  layout_basic_swamp, serial_swamp_ruin, evilmike_swamp_ruin_house_1,
          evilmike_swamp_ruin_house_2, evilmike_swamp_ruin_rubble_1,
          nicolae_swamp_small_spring
Swamp:2:  nicolae_swamp_secret_spriggan_hideout, layout_basic_swamp,
          nicolae_swamp_bean_lake, kb_tengu_band
Swamp:3:  layout_basic_swamp, evilmike_swamp_ruin_house_5, grunt_witch_cave
Orc:1:    layout_diamond_mine, enter_volcano_2, uniq_nergalle
Orc:2:    grunt_orc_cross, layout_diamond_mine

Skill      XL: |  1  2  3  4  5  6  7  8  9 10 11 12 13 14 15 16 |
---------------+-------------------------------------------------+-----
Axes           | 4 5 6 7 9 10 12 13 14 | 14.5
Fighting       | 4 5 6 7 9 10 12 13 14 16 17 | 17.9
Armour         | 3 4 5 6 7 9 10 11 13 14 16 17 | 17.7
Dodging        | 3 4 5 6 8 9 10 12 13 14 15 16 | 16.4
Evocations     | 3 6 8 9 10 | 10.0
Shields        | 3 |  3.6

Action                   |  1- 3 |  4- 6 |  7- 9 | 10-12 | 13-15 | 16-18 || total
-------------------------+-------+-------+-------+-------+-------+-------++-------
Melee: Hand axe          |    76 |   122 |    88 |       |       |       ||   286
       Headbutt          |     7 |    19 |    48 |   111 |   188 |    36 ||   409
       Punch             |       |     1 |       |     2 |       |       ||     3
       War axe           |       |       |   115 |   271 |       |       ||   386
       Battleaxe         |       |       |       |   211 |   355 |       ||   566
       Morningstar       |       |       |       |       |   100 |       ||   100
       Executioner's axe |       |       |       |       |   367 |    18 ||   385
       Broad axe         |       |       |       |       |       |   146 ||   146
Invok: Berserk           |       |     1 |     1 |     3 |     9 |     4 ||    18
       Trog's Hand       |       |       |       |     3 |     6 |       ||     9
       Brothers in Arms  |       |       |       |     1 |       |       ||     1
  Use: Potion            |       |       |       |     2 |       |     1 ||     3
       Scroll            |       |       |       |    27 |     4 |     3 ||    34
 Stab: Distracted        |     1 |       |       |       |       |     1 ||     2
       Petrified         |       |       |       |       |    10 |       ||    10
       Petrifying        |       |       |       |       |     2 |       ||     2
Armor: Animal skin       |    10 |       |       |       |       |       ||    10
       Ring mail         |     6 |    18 |       |    16 |   169 |       ||   209
       Chain mail        |       |    24 |   121 |   200 |   458 |   115 ||   918
Dodge: Dodged            |    51 |    53 |   142 |   215 |   671 |    78 ||  1210
Block: Other             |       |       |     6 |   102 |   215 |     9 ||   332
       Reflection        |       |       |       |     6 |    12 |     2 ||    20
       Kite shield       |       |       |       |       |       |   127 ||   127

Table legend: (Time is in decaauts)
 A = Elapsed time spent in this place.
 B = Non-inter-level travel time spent in this place.
 C = Inter-level travel time spent in this place.
 D = Time resting spent in this place.
 E = Time spent auto-exploring this place.
 F = Levels seen in this place.
 G = Mean time per level.
                   A        B        C        D        E       F      G
               +--------+--------+--------+--------+--------+-----+--------+
         Total |  32737 |  30629 |   2108 |   5846 |  19562 |  26 | 1259.1 |
       Dungeon |  19367 |  17754 |   1613 |   3112 |  11621 |  15 | 1291.1 |
          Lair |   5415 |   5129 |    286 |    170 |   4202 |   5 | 1083.0 |
         Swamp |   5359 |   5266 |     93 |   1963 |   2547 |   3 | 1786.3 |
  Orcish Mines |   1992 |   1878 |    114 |    385 |   1006 |   2 |  996.0 |
       Volcano |    603 |    603 |      0 |    215 |    185 |   1 |  603.0 |
               +--------+--------+--------+--------+--------+-----+--------+

Top non-repeatable levels by time:
  Lair:5: 2155 daAuts
    D:12: 2074 daAuts
 Swamp:1: 1914 daAuts
    D:15: 1882 daAuts
 Swamp:3: 1722 daAuts
 Swamp:2: 1721 daAuts
     D:6: 1682 daAuts
     D:3: 1622 daAuts
     D:8: 1540 daAuts
     D:9: 1507 daAuts
    D:11: 1502 daAuts
    D:13: 1309 daAuts
    D:14: 1291 daAuts
    D:10: 1191 daAuts
   Orc:2: 1186 daAuts
